 Dungeon Crawl Stone Soup version 0.30-a0-996-ga6910c8ee8 (webtiles) character file.

Game seed: 3599768108968454937

35 DeathPants the Sneak (level 3, -1/20 HPs)
             Began as a Vine Stalker Monk on Apr 4, 2023.
             Succumbed to a goblin's poison
             ... on level 2 of the Dungeon.
             The game lasted 00:04:01 (994 turns).

DeathPants the Sneak (Vine Stalker Monk)             Turns: 994, Time: 00:04:02

Health: -1/20      AC:  2    Str: 11 (13) XL:     3   Next: 35%
Magic:  3/4        EV: 12    Int: 11 (12) God:
Gold:   27         SH:  0    Dex: 14 (16) Spells: 2/2 levels left

rFire   . . .      SeeInvis .    b - +0 rapier
rCold   . . .      Faith    .    (no shield)
rNeg    . . .      Spirit   +    i - +0 robe
rPois   .          Reflect  .    (no helmet)
rElec   .          Rampage  .    (no cloak)
rCorr   .                        (no gloves)
Will    .....                    (no boots)
Stlth   ++                       (no amulet)
HPRegen 0.23/turn                (no ring)
MPRegen 0.09/turn                (no ring)

@: lethally poisoned (-1 -> -28)
A: fangs 2, magic shield, antimagic bite, no potion heal 2
a: no special abilities


You were on level 2 of the Dungeon.
You visited 1 branch of the dungeon, and saw 2 of its levels.

You collected 27 gold pieces.

Inventory:

Hand Weapons
 b - a +0 rapier (weapon)
Armour
 i - a +0 robe (worn)
Scrolls
 d - a scroll of immolation {unknown}
 f - a scroll of amnesia {unknown}
 g - a scroll of magic mapping {unknown}
 h - a scroll of brand weapon {unknown}
Potions
 c - a potion of ambrosia
 e - a potion of lignification {unknown}


   Skills:
 + Level 3.0 Fighting
 + Level 3.0 Short Blades
 + Level 2.7 Dodging
 + Level 3.1 Stealth


You had 2 spell levels left.
You didn't know any spells.
Your spell library contained the following spells:

 Spells                   Type           Power      Damage    Failure   Level
 Magic Dart               Conj           0%         1d3       34%         1
 Call Imp                 Summ           0%         N/A       47%         2
 Mephitic Cloud           Conj/Pois/Air  0%         N/A       71%         3


Dungeon Overview and Level Annotations

Branches:
Dungeon (2/15)

Altars:


Innate Abilities, Weirdness & Mutations

You have extremely sharp teeth.
When hurt, damage is shared between your health and your magic reserves.
Your bite disrupts and absorbs the magic of your enemies.
Potions cannot restore your health.


Message History

There is an open door here.
There is an open door here.
There is an open door here.
You see here 2 stones.
There is a stone staircase leading down here.
You climb downwards.
There is a stone staircase leading up here.
Found an escape hatch in the floor.
You now have 27 gold pieces (gained 11).
a - a white potion A goblin comes into view.
It is wielding a +2 dagger of venom.
There is a stone staircase leading up here.
A ball python comes into view.
The goblin shouts!
The ball python hisses angrily.
You barely miss the goblin. You bite the goblin. You drain its power.
The goblin is severely wounded.
The goblin hits you with a +2 dagger of venom.
You are poisoned.
You barely miss the goblin.
The goblin is severely wounded.
You feel very sick.
The goblin hits you with a +2 dagger of venom.
You are lethally poisoned!
You barely miss the goblin.
The goblin is severely wounded.
You feel very sick. The goblin hits you but does no damage.
You are more poisoned.
You closely miss the goblin.
The goblin is severely wounded.
* * * LOW HITPOINT WARNING * * *
You feel very sick. The ball python misses you.
The ball python closely misses you.
The goblin hits you with a +2 dagger of venom.
* * * LOW HITPOINT WARNING * * *
You are more poisoned.
It was a potion of degeneration.
There was something very wrong with that liquid.
You feel weakened.
You feel dopey.
You feel clumsy.
You die...

#......#.......
#......#.......
####......#.......
#....<....#.......
#.###.............##..
#$$.....<.............
.###....##.#.######8.
#....##.#.# .
#@...##.#.#
#gS........
#.......#..
#.......#..#
#....####... .....#
#..... ##.#...


You could see a goblin and a ball python.

Vanquished Creatures
  2 dart slugs (D:1)
  3 ball pythons (D:1)
  An endoplasm (D:1)
  3 goblins (D:1)
  2 hobgoblins (D:1)
  3 jackals (D:1)
  2 kobolds (D:1)
  3 quokkas (D:1)
  4 bats
  2 frilled lizards (D:1)
  4 rats (D:1)
29 creatures vanquished.

Notes
Turn   | Place    | Note
-------+----------+-------------------------------------------
     0 | D:1      | DeathPants the Vine Stalker Monk began the quest for the
                  | Orb.
     0 | D:1      | Reached XP level 1. HP: 11/11 MP: 2/2
   143 | D:1      | Reached XP level 2. HP: 16/16 MP: 3/3
   423 | D:1      | Reached XP level 3. HP: 17/20 MP: 2/4
   994 | D:2      | Succumbed to a goblin's poison

Illustrated notes

Levels and vault maps discovered:
D:1:      wander_arrival_estate, layout_basic, minmay_pentomino_r4
D:2:      layout_basic, serial_undead, serial_undead_c, serial_undead_c,
          serial_undead_f, serial_undead_a, serial_undead_b, serial_undead_a,
          minmay_bisected

Skill      XL: |  1  2  3 |
---------------+----------+-----
Stealth        | 3 |  3.1
Fighting       | 3 |  3.0
Short Blades   | 3 |  3.0
Dodging        | |  2.7

Action                     || total
---------------------------++-------
  Melee: Short sword       ||    93
         Bite              ||    18
         Punch             ||     1
         Rapier            ||     5
    Use: Potion            ||     1
   Stab: Sleeping          ||     4
         Distracted        ||     1
 Armour: Robe              ||    18
  Dodge: Dodged            ||    63

Table legend: (Time is in decaauts)
 A = Elapsed time spent in this place.
 B = Non-inter-level travel time spent in this place.
 C = Inter-level travel time spent in this place.
 D = Time resting spent in this place.
 E = Time spent auto-exploring this place.
 F = Levels seen in this place.
 G = Mean time per level.
                   A        B        C        D        E       F      G
               +--------+--------+--------+--------+--------+-----+--------+
         Total |    981 |    939 |     42 |     33 |    636 |   2 |  490.5 |
       Dungeon |    981 |    939 |     42 |     33 |    636 |   2 |  490.5 |
               +--------+--------+--------+--------+--------+-----+--------+

Top non-repeatable levels by time:
     D:1: 936 daAuts
     D:2: 45 daAuts
